 Dungeon Crawl Stone Soup version 0.29.1-15-g9cfb28693d (webtiles) character file.

Game seed: 18076995336654277921

3037621 TittyCrusher the Heavyweight Champion (level 27, 314/314 HPs)
             Began as an Ogre Transmuter on Mar 7, 2023.
             Was the Champion of Cheibriados.
             Escaped with the Orb
             ... and 5 runes!
             The game lasted 04:52:08 (74059 turns).

TittyCrusher the Heavyweight Champion (OgTm)       Turns: 74059, Time: 04:52:08

Health: 314/314    AC: 11    Str: 43    XL:     27
Magic:  36/36      EV: 23    Int: 31    God:    Cheibriados [******]
Gold:   2785       SH: 17    Dex: 37    Spells: 11/44 levels left

rFire   + . .      SeeInvis +     - Unarmed
rCold   + . .      Faith    .   y - +0 kite shield
rNeg    + . .      Spirit   .   d - +4 troll leather armour {Snorg}
rPois   .          Reflect  .   k - +2 hat {Will+}
rElec   +          Harm     .   H - scarf {rC+ rF+}
rCorr   .          Rampage  .   (gloves unavailable)
Will    +++..                   (boots unavailable)
Stlth   ++........              J - amulet of the acrobat
HPRegen 1.42/turn               N - ring of see invisible
MPRegen 0.25/turn               o - ring "Eschouja" {rN+ Str+6 Dex+7}

@: studying 3 skills, very slow
A: large, unfitting armour, tough skin 1, clumsy 1, electricity resistance,
inhibited regeneration, wild magic 1
0: Orb of Zot
}: 5/15 runes: barnacled, slimy, silver, abyssal, gossamer
a: Renounce Religion, Bend Time, Temporal Distortion, Slouch, Step From Time


You escaped.
You worshipped Cheibriados.
Cheibriados was exalted by your worship.
You visited 12 branches of the dungeon, and saw 56 of its levels.
You visited the Abyss 1 time.
You also visited: Desolation.

You collected 9192 gold pieces.
You spent 6407 gold pieces at shops.

Inventory:

Missiles
 x - 101 large rocks (quivered)
 Y - 6 throwing nets
Armour
 d - a +4 troll leather armour (worn) {Snorg}
 k - a +2 hat of willpower (worn)
 l - a +0 tower shield of protection
 y - a +0 kite shield (worn)
 H - a scarf of resistance (worn)
Jewellery
 o - the ring "Eschouja" (right hand) {rN+ Str+6 Dex+7}
   (You took it off a deep elf elementalist on level 3 of the Elven Halls)

   [ring of strength]

   Str:       It affects your strength (+6).
   Dex:       It affects your dexterity (+7).
   rN:        It protects you from negative energy.
 q - a ring of resist corrosion
 s - the ring of Ruppau {rPois rC++ Str+6 Int-3 Dex+3}
   (You found it in the Desolation of Salt)

   [ring of strength]

   Str:       It affects your strength (+6).
   Int:       It affects your intelligence (-3).
   Dex:       It affects your dexterity (+3).
   rC:        It greatly protects you from cold.
   rPois:     It protects you from poison.
 t - the ring of Laqyxem {rC+ Str+6 Dex+4}
   (You found it in the Desolation of Salt)

   [ring of strength]

   Str:       It affects your strength (+6).
   Dex:       It affects your dexterity (+4).
   rC:        It protects you from cold.
 D - a ring of magical power
 G - a ring of wizardry
 J - an amulet of the acrobat (around neck)
 N - a ring of see invisible (left hand)
 R - the ring "Jothrieco" {+Blink rPois rC+ Will+++ Dex-4}
   (You found it in the Desolation of Salt)

   [ring of protection from cold]

   Dex:       It affects your dexterity (-4).
   rC:        It protects you from cold.
   rPois:     It protects you from poison.
   +Blink:    It lets you blink.
   Will:      It greatly increases your willpower.
 W - the amulet of Vovet {rF+ rC+ rN+ Regen+}
   (You found it on level 5 of the Pits of Slime)

   [amulet of regeneration]

   rF:        It protects you from fire.
   rC:        It protects you from cold.
   rN:        It protects you from negative energy.
   Regen:     It increases your rate of health regeneration.
Wands
 a - a wand of charming (11)
 c - a wand of mindburst (1)
 g - a wand of flame (75)
 u - a wand of digging (15)
 C - a wand of polymorph (3)
 K - a wand of iceblast (26)
 T - a wand of acid (22)
Scrolls
 h - 7 scrolls of immolation
 i - 5 scrolls of blinking
 j - 4 scrolls of amnesia
 w - 10 scrolls of butterflies
 A - 12 scrolls of poison
 L - 5 scrolls of silence
 M - 18 scrolls of teleportation
 P - 9 scrolls of fear
 X - 6 scrolls of vulnerability
 Z - 5 scrolls of summoning
Potions
 b - 14 potions of attraction
 e - 6 potions of haste
 f - 12 potions of flight
 m - 5 potions of cancellation
 n - 13 potions of lignification
 p - 7 potions of resistance
 r - 17 potions of might
 v - 3 potions of berserk rage
 B - 3 potions of invisibility
 E - 3 potions of magic
 F - 5 potions of ambrosia
 I - 10 potions of brilliance
 O - 18 potions of curing
 Q - 12 potions of heal wounds
 S - 12 potions of mutation
Miscellaneous
 V - a condenser vane


   Skills:
 + Level 25.5 Fighting
 - Level 3.5 Armour
 - Level 11.4 Dodging
 - Level 6.3 Stealth
 - Level 13.0 Shields
 O Level 27 Unarmed Combat
 - Level 9.3 Spellcasting
 - Level 2.2 Hexes
 - Level 6.4 Translocations
 - Level 19.0 Transmutations
 - Level 4.1 Ice Magic
 - Level 11.4 Earth Magic
 - Level 4.1 Poison Magic
 - Level 17.5 Invocations
 - Level 11.1 Evocations


You had 11 spell levels left.
You knew the following spells:

 Your Spells              Type           Power      Damage    Failure   Level
a - Apportation           Tloc           100%       N/A       1%          1
b - Wereblood             Tmut           100%       N/A       1%          2
c - Lesser Beckoning      Tloc           63%        N/A       2%          3
d - Ice Form              Ice/Tmut       84%        N/A       1%          4
e - Confusing Touch       Hex            37%        N/A       12%         3
f - Dragon Form           Tmut           53%        N/A       4%          7
g - Blade Hands           Tmut           53%        N/A       1%          5
h - Statue Form           Tmut/Erth      64%        N/A       3%          6
i - Blink                 Tloc           100%       N/A       1%          2

Your spell library contained the following spells:

 Spells                   Type           Power      Damage    Failure   Level
 Beastly Appendage        Tmut           100%       N/A       1%          1
 Sandblast                Erth           100%       2d20      1%          1
 Sting                    Tmut/Pois      100%       1d8       1%          1
 Passwall                 Tmut/Erth      80%        N/A       1%          2
 Ignite Poison            Fire/Tmut/Pois 69%        N/A       1%          3
 Spider Form              Tmut/Pois      84%        N/A       1%          3
 Petrify                  Tmut/Erth      96%        N/A       1%          4
 Gell's Gravitas          Tloc           63%        N/A       2%          3
 Teleport Other           Tloc           63%        N/A       2%          3
 Stone Arrow              Conj/Erth      100%       3d13      3%          3
 Lee's Rapid Deconstruct  Erth           42%        3d21*     3%          5
 Slow                     Hex            100%       N/A       4%          1
 Ensorcelled Hibernation  Hex/Ice        88%        N/A       4%          2
 Yara's Violent Unravell  Hex/Tmut       40%        3d16      4%          5
 Ozocubu's Armour         Ice            51%        N/A       6%          3
 Leda's Liquefaction      Hex/Erth       32%        N/A       6%          4
 Irradiate                Conj/Tmut      38%        3d24      6%          5
 Poisonous Vapours        Pois/Air       70%        N/A       7%          2
 Passage of Golubria      Tloc           63%        N/A       8%          4
 Necrotise                Necr           72%        1d7       10%         1
 Shock                    Conj/Air       72%        1d7       10%         1
 Summon Small Mammal      Summ           72%        N/A       10%         1
 Animate Armour           Summ/Erth      100%       N/A       10%         4
 Tukima's Dance           Hex            37%        N/A       12%         3
 Call Imp                 Summ           18%        N/A       14%         2
 Sublimation of Blood     Necr           18%        N/A       14%         2
 Olgreb's Toxic Radiance  Pois           51%        N/A       16%         4
 Dazzling Flash           Conj/Hex       56%        N/A       17%         3
 Summon Guardian Golem    Hex/Summ       28%        N/A       17%         3
 Borgnjor's Vile Clutch   Necr/Erth      30%        N/A       24%         5
 Call Canine Familiar     Summ           18%        N/A       26%         3
 Swiftness                Air            18%        N/A       26%         3
 Vampiric Draining        Necr           18%        2d7       26%         3
 Cause Fear               Hex            18%        N/A       32%         4
 Hailstorm                Conj/Ice       35%        3d9       34%         4
 Summon Ice Beast         Ice/Summ       35%        N/A       34%         4
 Anguish                  Hex/Necr       14%        N/A       45%         4
 Metabolic Englaciation   Hex/Ice        22%        N/A       52%         5
 Summon Forest            Summ/Tloc      22%        N/A       52%         5
 Airstrike                Air            9%         2d(2-18)  61%         4
 Animate Dead             Necr           18%        N/A       61%         4
 Dispel Undead            Necr           18%        3d11      61%         4
 Summon Lightning Spire   Summ/Air       18%        N/A       61%         4
 Dispersal                Tloc           31%        N/A       65%         6
 Iron Shot                Conj/Erth      30%        9d6       75%         6
 Silence                  Hex/Air        14%        N/A       80%         5
 Summon Mana Viper        Hex/Summ       28%        N/A       80%         5
 Agony                    Necr           18%        N/A       90%         5
 Fireball                 Conj/Fire      9%         3d6       90%         5
 Iskenderun's Battlesphe  Conj           18%        2d7       90%         5
 Lightning Bolt           Conj/Air       9%         1d21      90%         5
 Simulacrum               Ice/Necr       17%        N/A       99%         6
 Starburst                Conj/Fire      9%         6d5       100%        6
 Summon Cactus Giant      Summ           9%         N/A       100%        6
 Haunt                    Necr/Summ      9%         N/A       100%        7
 Malign Gateway           Summ/Tloc      22%        N/A       100%        7
 Ozocubu's Refrigeration  Ice            25%        4d13      100%        7
 Spellforged Servitor     Conj/Summ      9%         N/A       100%        7
 Borgnjor's Revivificati  Necr           9%         N/A       100%        8
 Disjunction              Tloc           31%        N/A       100%        8
 Ignition                 Fire           9%         3d5       100%        8
 Infestation              Necr           9%         N/A       100%        8
 Lehudib's Crystal Spear  Conj/Erth      30%        10d8      100%        8
 Necromutation            Tmut/Necr      38%        N/A       100%        8
 Summon Horrible Things   Summ           9%         N/A       100%        8
 Death's Door             Necr           9%         N/A       100%        9


Dungeon Overview and Level Annotations

Branches:
Dungeon (15/15)            Temple (1/1) D:7            Lair (5/5) D:10
 Shoals (4/4) Lair:3       Spider (4/4) Lair:2        Slime (5/5) Lair:5
    Orc (2/2) D:10            Elf (3/3) Orc:2        Vaults (5/5) D:13
  Crypt (3/3) Vaults:3       Tomb (0/3) Crypt:3      Depths (4/4) D:15
    Zot (5/5) Depths:4    Desolation (visited)

Altars:
Ashenzari
Cheibriados
Dithmenos
Elyvilon
Fedhas
Gozag
Hepliaklqana
Kikubaaqudgha
Makhleb
Nemelex Xobeh
Okawaru
Qazlal
Ru
Sif Muna
Trog
Uskayaw
Vehumet
Wu Jian
Xom
Yredelemnul
Zin
The Shining One
Jiyva
Lugonu

Shops:
D:1 :   D:5 ([*!   D:15 :*   Orc:2 [(?:   Elf:1 =**[   Elf:3 !?   Shoals:3 :[?
Vaults:1 *   Depths:1 ::=   Depths:4 (

Portals:
Hell: Depths:1 Depths:2 Depths:3 Depths:4
Abyss: Crypt:3 Depths:3
Pandemonium: Depths:1 Depths:2
Ziggurat: Depths:3
Trove: Depths:1 (give 9 potions of haste)

Annotations:
D:10 2 runed translucent doors, Smoke131's ghost, journeyman OgBe
Lair:4 exclusions: downstairs and oklob plant
Shoals:3 exclusion: 2 downstairs
Orc:1 1 runed translucent door, ThatDude373's ghost, novice DrVM
Crypt:3 3 runed translucent doors, Grunn; Teduw's ghost, veteran MiGl
Depths:1 exclusion: downstairs
Depths:2 exclusion: orange crystal statue
Zot:1 2 transporters, Midpoint's ghost, veteran PaGl
Zot:3 exclusion: 2 downstairs


Innate Abilities, Weirdness & Mutations

You are too large for most types of armour.
You have tough skin. (AC +1)
You are clumsy. (Dex -2)
You are resistant to electric shocks. (rElec)
You do not regenerate when monsters are visible.
Your spells are a little harder to cast, but a little more powerful.


Message History

You squash the red devil like an ant!!!!
You kill the red devil!
Cheibriados appreciates the change of pace.
You see here a +0 giant spiked club.
Magic restored.
You see here a +0 dagger.
There is an open door here.
Things that are here:
a +0 dagger; a +0 flail
Things that are here:
a +0 chain mail; a +0 scimitar; a +0 arbalest Your transformation is almost over.
There is an escape hatch in the ceiling here.
Okay, then.
A mysterious force pulls you upwards. The hatch slams shut behind you.
You revert to your normal fleshy form.
Your +4 troll leather armour {Snorg} unmelds from your body.
There is a stone staircase leading up here.
You climb upwards.
There is a stone staircase leading down here.
Things that are here:
a +0 ring mail; a +0 flail; a +0 club
There is a stone staircase leading up here.
You see here a potion of degeneration.
You climb upwards.
There is a stone staircase leading down here.
There is a stone staircase leading up here.
You climb upwards.
There is a stone staircase leading down here.
There is a stone staircase leading up here.
You climb upwards.
There is a stone staircase leading down here.
Things that are here:
a +0 whip; a +0 club
There is a staircase leading out of the dungeon here.
You are a level 27 Ogre Transmuter.
I'm sorry, level 27 is as high as you can go.
With the way you've been playing, I'm surprised you got this far.
Play time: 04:52:02 (74058 turns).
You are forever immune to Zot's power.
You have escaped!

.#.....##.##...........##
.####...................##
......####...............#
.###### ####..........###
.######### #.....#######
.........###.#.#...############
########.##..#.###..##........#
.#######....#..####)##........#
......##......##@##.##........#
..........#####...............#
.........## ##...###........#
.........## ##### #........#
.......#..#### #........#
.......#.....# #.########
.......#.#...## ##.#
>........###..# ####..##
.......### ##.####......#


There were no monsters in sight!

Vanquished Creatures
  the Royal Jelly (Slime:5)
  3 dread liches
  5 orbs of fire
  2 ancient liches
  3 pandemonium lords
  Bai Suzhen (Elf:3)
  Saint Roka (Vaults:4)
  Margery (Crypt:3)
  8 Killer Klowns (Zot:5)
  6 curse toes
  9 golden dragons
  the Enchantress (Depths:1)
  Jory (Vaults:5)
  A profane servitor (Abyss:4)
  2 bone dragons
  3 electric golems
  3 doom hounds (Crypt:3)
  17 tentacled monstrosities
  An Ice Fiend (Depths:1)
  25 Orb Guardians (Zot:5)
  Asterion (Depths:2)
  3 deep elf blademasters
  6 quicksilver dragons
  7 liches
  A walking divine tome (Depths:2)
  A walking earthen tome (Depths:3)
  11 titans
  2 deep elf master archers (Elf:3)
  Polyphemus (Shoals:4)
  11 acid blobs
  An Executioner (D:7)
  9 death cobs
  2 tentacled starspawn
  6 ancient champions
  9 sphinxes
  10 shadow dragons
  9 storm dragons
  3 revenants
  Agnes (D:14)
  4 tengu reavers (Vaults:5)
  7 draconian monks
  5 rockslimes
  5 azure jellies (Slime:5)
  6 fire giants
  4 deep elf sorcerers
  Donald (Orc:1)
  Ilsuiw (Shoals:3)
  11 frost giants
  8 ghost moths
  9 draconian knights
  18 vault wardens
  8 emperor scorpions
  2 cacodemons
  5 draconian scorchers
  2 iron dragons
  A caustic shrike zombie (Crypt:1)
  4 deep elf elementalists (Elf:3)
  11 draconian shifters
  2 curse skulls
  A draconian stormcaller (Zot:5)
  An imperial myrmidon (Desolation)
  24 ironbound preservers
  15 stone giants
  31 very ugly things
  2 reapers
  4 spriggan defenders
  4 draconian annihilators
  A quicksilver ooze (shapeshifter) (Vaults:5)
  A war gargoyle (Vaults:5)
  A ghoul (Crypt:2)
  7 quicksilver oozes
  10 green draconians
  2 ironbound thunderhulks (Vaults:4)
  A juggernaut skeleton (Depths:1)
  2 minotaurs (Shoals:4)
  14 red draconians
  7 vampire knights
  12 white draconians
  6 purple draconians
  11 dire elephants
  3 entropy weavers
  14 yellow draconians
  6 deep elf demonologists
  A putrid mouth (Crypt:3)
  3 halazid warlocks (Desolation)
  4 deep elf annihilators
  11 black draconians
  4 spark wasps (Depths:3)
  13 deep elf death magi
  Snorg (D:13)
  5 eidola
  2 crystal guardians (Desolation)
  6 fire dragons
  A quicksilver dragon zombie (Depths:1)
  A blizzard demon (Depths:1)
  7 jiangshi
  A merfolk javelineer (Abyss:4)
  14 ettins
  7 merfolk impalers
  6 deep elf high priests
  The ghost of Muaxt the Spear-Bearer, a journeyman HuGl of Nemelex Xobeh (Lair:1)
  15 yaktaur captains
  3 ragged hierophants (Desolation)
  10 great orbs of eyes
  4 servants of whispers (Desolation)
  4 rakshasas
  6 ice dragons
  Erolcha (Orc:2)
  32 vault guards
  An ice dragon (shapeshifter) (Vaults:3)
  A jorogumo (shapeshifter) (Depths:3)
  5 spriggan air magi
  4 ogre magi
  19 centaur warriors
  8 ironbound frosthearts
  13 boulder beetles
  8 peacekeepers (Desolation)
  9 hydras
  A catoblepas (Shoals:3)
  A jorogumo (Spider:3)
  Erica (Orc:1)
  2 death knights
  5 merfolk avatars
  A radroach (Spider:4)
  30 dancing weapons
  13 satyrs
  A two-headed ogre (D:12)
  3 tengu warriors
  5 deep troll earth magi (Depths:1)
  2 death yaks (Shoals:4)
  4 vampire magi
  The ghost of Liruely the Cleaver, a novice DsGl of Xom (Lair:1)
  3 deep troll shamans
  Sonja (Orc:1)
  16 spriggan berserkers
  20 hell knights
  11 deep elf knights
  6 spriggans
  6 soul eaters
  28 skeletal warriors
  A titan skeleton (Crypt:1)
  2 sun moths
  3 shadow wraiths
  A wretched star (Abyss:5)
  Nergalle (Orc:2)
  5 pharaoh ants
  9 sea snakes
  7 glowing orange brains
  89 deep trolls
  6 iron trolls
  A sixfirhy (Depths:1)
  5 steelbarb worms
  5 orb spiders
  5 flayed ghosts
  A spriggan simulacrum (D:14)
  A shadow dragon zombie (Depths:1)
  Pikel (D:3)
  27 harpies
  19 ironbound convokers
  3 wizards
  A bog body (Crypt:2)
  8 deep elf archers
  15 lindwurms
  An orc knight (Vaults:5)
  A bunyip skeleton (Crypt:2)
  26 deep elf zephyrmancers
  17 wolf spiders
  11 phantasmal warriors
  7 necromancers
  A tengu skeleton (Vaults:3)
  A shining eye (Slime:5)
  20 manticores
  42 ugly things
  A manticore (shapeshifter) (Vaults:5)
  27 deep elf pyromancers
  9 orc sorcerers
  A shining eye (shapeshifter) (Vaults:5)
  2 salamanders (Depths:1)
  7 cyclopes
  An eleionoma zombie (Crypt:1)
  23 fauns
  36 moths of wrath
  23 elephants
  3 merfolk sirens
  3 guardian serpents (Desolation)
  Maurice (Orc:1)
  4 black mambas
  2 centaur zombies (D:12)
  A cyclops (shapeshifter) (Elf:3)
  An iron dragon skeleton (Crypt:3)
  An apocalypse crab (Abyss:5)
  19 vault sentinels
  2 water nymphs
  A stone giant skeleton (Crypt:2)
  2 molten gargoyles (Depths:1)
  A rust devil (Depths:1)
  3 torpor snails
  A black mamba (shapeshifter) (D:13)
  4 smoke demons
  A grey draconian zombie (Crypt:3)
  An eye of devastation (Lair:5)
  5 cane toads
  A rime drake (shapeshifter) (D:13)
  8 demonic crawlers
  A minotaur zombie (Crypt:2)
  An orange demon (Depths:1)
  A yaktaur zombie (Vaults:3)
  2 unseen horrors
  5 freezing wraiths
  2 kobold demonologists (D:12)
  An efreet (Zot:3)
  9 komodo dragons
  An anaconda simulacrum (D:14)
  A death yak skeleton (Crypt:3)
  A mana viper zombie (Crypt:1)
  8 rime drakes
  44 yaktaurs
  2 tormentors
  6 tengu conjurers
  2 hellwings
  3 red devils
  2 ice devils
  13 hornets
  An ancient zyme (Abyss:4)
  3 meliai (Spider:4)
  3 wind drakes
  14 merfolk
  7 polar bears
  2 trolls
  Grinder (D:6)
  33 saltlings (Desolation)
  4 raiju
  A harpy skeleton (Crypt:3)
  24 tarantellas
  A hydra skeleton (Crypt:1)
  14 jumping spiders
  18 blink frogs
  13 large abominations
  9 snapping turtles
  86 slime creatures
  A guardian serpent skeleton (Crypt:3)
  3 air elementals
  A shadow (D:12)
  9 wraiths
  24 culicivoras
  A flying skull (Crypt:3)
  4 water elementals
  A vampire (D:13)
  2 ynoxinuls
  6 wyverns
  19 fire elementals
  3 fire bats (Depths:1)
  5 basilisks
  A golden eye (Slime:5)
  38 yaks
  A steam dragon (Lair:5)
  6 vampire mosquitoes (D:11)
  A neqoxec (Abyss:5)
  55 redbacks
  A warg (shapeshifter) (Elf:2)
  2 chaos spawn
  Edmund (D:4)
  2 minotaur simulacra (D:14)
  2 wargs
  17 water moccasins
  An acid dragon (D:11)
  2 floating eyes
  17 orc warriors
  6 black bears
  2 ice beasts
  A sky beast (D:7)
  A floating eye zombie (Depths:1)
  18 centaurs
  4 wolves (Lair:4)
  8 ogres
  A hog skeleton (Crypt:3)
  3 lemures
  3 small abominations
  3 kobold brigands
  4 elf zombies
  18 bullfrogs
  3 gnoll sergeants
  A necrophage (Crypt:2)
  4 deep troll simulacra (D:14)
  A scorpion (D:5)
  9 wights
  5 howler monkeys
  5 electric eels
  A shapeshifter skeleton (Crypt:2)
  10 starcursed masses (Abyss:4)
  5 lava snakes (D:13)
  4 hounds
  2 gnoll boudas
  14 orc priests
  7 hell rats (Lair:3)
  6 iguanas
  35 orc wizards
  Natasha (D:4)
  An iguana (shapeshifter) (Vaults:5)
  An ogre zombie (Crypt:3)
  A hound zombie (Crypt:2)
  A howler monkey skeleton (Crypt:3)
  19 gnolls
  6 adders
  A shadow imp (Depths:1)
  A worm zombie (Crypt:2)
  2 iguana skeletons
  A dart slug (D:1)
  76 orcs
  6 ball pythons
  8 endoplasms
  3 giant cockroaches (D:3)
  7 goblins
  7 hobgoblins
  3 jackals (D:3)
  A kobold (shapeshifter) (Depths:4)
  4 quokkas
  4 bats
  A frilled lizard (D:3)
  A goblin skeleton (Crypt:1)
  A hobgoblin zombie (Crypt:3)
  A jackal zombie (Crypt:1)
  24 kobolds
  An orc zombie (Crypt:1)
  7 rats
  A lurking horror (Abyss:4)
  2 plants (D:13)
2354 creatures vanquished.

Vanquished Creatures (collateral kills)
  A shining eye (Slime:5)
  A hornet (Spider:4)
2 creatures vanquished.

Vanquished Creatures (others)
  A ghost moth (Zot:4)
  A broodmother (Spider:2)
  A red draconian (Zot:2)
  A merfolk (shapeshifter) (Depths:2)
  A blink frog (Abyss:4)
  A dream sheep (shapeshifter) (Vaults:5)
  A centaur (D:15)
  2 orcs
  51 fungi
  A lurking horror (Crypt:3)
  103 plants
  2 starspawn tentacles (Abyss:4)
  4 tentacles (Shoals:4)
170 creatures vanquished.

Grand Total: 2526 creatures vanquished

Notes
Turn   | Place    | Note
-------+----------+-------------------------------------------
     0 | D:1      | TittyCrusher the Ogre Transmuter began the quest for the
                  | Orb.
     0 | D:1      | Reached XP level 1. HP: 19/19 MP: 3/3
   496 | D:1      | Found Tutiz's Book Emporium.
   535 | D:1      | Reached XP level 2. HP: 27/27 MP: 3/5
   553 | D:1      | Learned a level 2 spell: Wereblood
   830 | D:1      | Found a faded altar of an unknown god.
  1284 | D:1      | Reached XP level 3. HP: 33/33 MP: 6/6
  1288 | D:1      | Learned a level 3 spell: Spider Form
  1780 | D:2      | Found a broken altar of Ashenzari.
  2161 | D:3      | Reached skill level 1 in Poison Magic
  2357 | D:3      | Reached XP level 4. HP: 31/41 MP: 7/7
  2980 | D:4      | Noticed Natasha
  3236 | D:4      | Noticed Edmund
  3317 | D:4      | Killed Edmund
  3318 | D:4      | Reached XP level 5. HP: 20/48 MP: 8/8
  3665 | D:4      | Reached XP level 6. HP: 38/55 MP: 9/9
  3991 | D:4      | Killed Natasha
  4348 | D:4      | Noticed Pikel
  4547 | D:3      | Killed Pikel
  4548 | D:3      | Reached XP level 7. HP: 37/67 MP: 7/16
  4847 | D:5      | Entered Level 5 of the Dungeon
  4857 | D:5      | Found Gys Poge's Assorted Antiques.
  4877 | D:5      | Bought a scratched ruby ring for 110 gold pieces
  4895 | D:5      | Found a stormy altar of Qazlal.
  4916 | D:5      | Reached skill level 3 in Unarmed Combat
  4932 | D:5      | Found Duvesuf's Weapon Shoppe.
  4946 | D:5      | Reached XP level 8. HP: 74/75 MP: 17/17
  5008 | D:5      | Found Wiow's Distillery.
  5030 | D:5      | Bought a potion of heal wounds for 70 gold pieces
  5056 | D:5      | Found a basalt altar of Yredelemnul.
  5064 | D:5      | Identified the +0 pair of boots of Nemelex Xobeh's Pride
                  | {Rampage rN+ Will+ rCorr}
  5123 | D:5      | Found Peru's Armour Shoppe.
  5295 | D:5      | Reached skill level 4 in Unarmed Combat
  5803 | D:6      | Noticed a hornet
  5812 | D:6      | Noticed a hornet
  5826 | D:6      | Killed a hornet
  5827 | D:6      | Reached skill level 5 in Unarmed Combat
  5827 | D:6      | Killed a hornet
  5828 | D:6      | Reached skill level 6 in Unarmed Combat
  5965 | D:6      | Found a hazy altar of Hepliaklqana.
  6083 | D:6      | Reached skill level 7 in Unarmed Combat
  6083 | D:6      | Reached XP level 9. HP: 27/83 MP: 18/18
  6380 | D:6      | Found a sparkling altar of Nemelex Xobeh.
  6669 | D:6      | Found a white marble altar of Elyvilon.
  6685 | D:6      | Noticed Grinder
  6983 | D:6      | Learned a level 4 spell: Ice Form
  7030 | D:6      | Found a glowing golden altar of the Shining One.
  7527 | D:7      | Reached skill level 1 in Ice Magic
  7654 | D:7      | Found a staircase to the Ecumenical Temple.
  7658 | Temple   | Entered the Ecumenical Temple
  7676 | Temple   | Became a worshipper of Cheibriados the Contemplative
  7999 | D:7      | Reached * piety under Cheibriados
  8040 | D:7      | HP: 4/81 [wight/+3 halberd (21)]
  8040 | D:7      | HP: 1/78 [wight/+3 halberd (3)]
  8406 | D:7      | Reached XP level 10. HP: 70/90 MP: 19/19
  8819 | D:7      | Reached skill level 8 in Unarmed Combat
  9581 | D:8      | Reached skill level 1 in Invocations
  9583 | D:9      | Reached ** piety under Cheibriados
  9876 | D:9      | Identified the +1 robe of Elyvilon's Grace {Will+}
 10678 | D:9      | Found a glowing silver altar of Zin.
 10836 | D:10     | Entered Level 10 of the Dungeon
 10845 | D:9      | Reached *** piety under Cheibriados
 10849 | D:9      | Reached skill level 9 in Unarmed Combat
 11046 | D:10     | Found a runed translucent door.
 11046 | D:10     | Noticed a lich
 11047 | D:10     | Noticed a skeletal warrior
 11048 | D:10     | Noticed Smoke131's ghost (journeyman OgBe)
 11066 | D:10     | Found a runed translucent door.
 11067 | D:10     | Noticed a cyclops
 11067 | D:10     | Noticed a necromancer
 11068 | D:10     | Noticed a cyan very ugly thing
 11068 | D:10     | Noticed a skeletal warrior
 11069 | D:10     | Noticed a fire dragon
 11071 | D:10     | Noticed a skeletal warrior
 11165 | D:10     | Found a staircase to the Orcish Mines.
 11357 | D:10     | Noticed an elephant
 11370 | D:10     | Killed an elephant
 11371 | D:10     | Reached skill level 10 in Unarmed Combat
 11425 | D:10     | Reached skill level 5 in Fighting
 11425 | D:10     | Found a staircase to the Lair.
 11669 | D:10     | Found an iron altar of Okawaru.
 12033 | Lair:1   | Entered Level 1 of the Lair of Beasts
 12047 | Lair:1   | Reached XP level 11. HP: 107/107 MP: 17/20
 12132 | Lair:1   | Found a runed translucent gate.
 12132 | Lair:1   | Found a runed translucent gate.
 12132 | Lair:1   | Found a runed translucent gate.
 12144 | Lair:1   | Reached **** piety under Cheibriados
 12190 | Lair:1   | Noticed Muaxt's ghost (journeyman HuGl)
 12190 | Lair:1   | Noticed Liruely's ghost (novice DsGl)
 12239 | Lair:1   | Reached skill level 5 in Invocations
 12677 | Lair:1   | Reached skill level 11 in Unarmed Combat
 13148 | Lair:2   | Reached ***** piety under Cheibriados
 13157 | Lair:2   | Reached skill level 12 in Unarmed Combat
 13484 | Lair:2   | Identified a scroll of acquirement
 13485 | Lair:2   | Acquired 806 gold pieces
 14157 | Lair:2   | Found an iron altar of Okawaru.
 14439 | Lair:2   | Found a hole to the Spider Nest.
 14439 | Lair:2   | Noticed an orb spider
 14608 | Lair:3   | Reached XP level 12. HP: 118/118 MP: 17/21
 14628 | Lair:3   | Noticed an eight-headed hydra
 14634 | Lair:3   | Killed an eight-headed hydra
 14777 | Lair:3   | Noticed an eight-headed hydra
 14788 | Lair:3   | Killed an eight-headed hydra
 15228 | Lair:3   | Found a staircase to the Shoals.
 16230 | Lair:4   | Noticed a five-headed hydra
 16237 | Lair:4   | Killed a five-headed hydra
 16455 | Lair:4   | Noticed a six-headed hydra
 16464 | Lair:4   | Killed a six-headed hydra
 16465 | Lair:4   | Reached skill level 5 in Transmutations
 16850 | Lair:4   | Reached skill level 5 in Dodging
 16854 | Lair:4   | Reached XP level 13. HP: 133/133 MP: 18/22
 17348 | Lair:4   | Reached skill level 10 in Fighting
 17439 | Lair:5   | Entered Level 5 of the Lair of Beasts
 17449 | Lair:5   | Reached ****** piety under Cheibriados
 17597 | Lair:5   | Reached skill level 13 in Unarmed Combat
 17662 | Lair:5   | Paralysed by a floating eye for 2 turns
 17670 | Lair:5   | Found a viscous altar of Jiyva.
 17671 | Lair:5   | Found a staircase to the Slime Pits.
 17969 | Lair:5   | Reached skill level 14 in Unarmed Combat
 18294 | Lair:5   | Identified the +5 trident of Nejov {spect, rElec}
 18456 | Lair:5   | Reached XP level 14. HP: 148/148 MP: 23/23
 18903 | Lair:1   | Killed Muaxt's ghost
 18906 | Lair:1   | Killed Liruely's ghost
 18907 | Lair:1   | Reached skill level 10 in Invocations
 19116 | D:5      | Bought a potion of curing for 42 gold pieces
 19116 | D:5      | Bought a potion of might for 56 gold pieces
 19116 | D:5      | Bought a potion of curing for 42 gold pieces
 19132 | D:5      | Bought a thick diamond amulet for 110 gold pieces
 19208 | D:6      | Killed Grinder
 20292 | D:11     | Learned a level 3 spell: Confusing Touch
 20506 | D:12     | Reached skill level 1 in Hexes
 20692 | D:12     | Reached skill level 15 in Unarmed Combat
 20883 | D:12     | Found a basalt altar of Yredelemnul.
 21710 | D:13     | Noticed Snorg
 21718 | D:13     | Killed Snorg
 22099 | D:13     | Found a runed translucent door.
 22161 | D:13     | Reached skill level 16 in Unarmed Combat
 22162 | D:13     | Identified the +8 whip of Propriety {vorpal, rElec rPois
                  | Will- rCorr}
 22164 | D:13     | Found a runed translucent gate.
 22164 | D:13     | Found a runed translucent gate.
 22164 | D:13     | Found a runed translucent gate.
 22164 | D:13     | Found a runed translucent gate.
 22164 | D:13     | Found a runed translucent gate.
 22185 | D:13     | Found a runed translucent gate.
 22260 | D:13     | Found a hazy altar of Hepliaklqana.
 22791 | D:14     | Noticed Agnes
 22796 | D:14     | Killed Agnes
 22797 | D:14     | Reached XP level 15. HP: 96/158 MP: 10/24
 22818 | D:14     | Identified the +4 hand axe of Law {vorpal, *Corrode Drain
                  | rC++ Will+++}
 23651 | D:15     | Entered Level 15 of the Dungeon
 24078 | D:15     | Found a staircase to the Depths.
 24080 | D:15     | Noticed a fire giant
 24162 | D:15     | Found Vodghu's General Store.
 24180 | D:15     | Bought a +0 cloak of poison resistance for 144 gold pieces
 24194 | D:15     | Bought a potion of curing for 51 gold pieces
 24194 | D:15     | Bought 2 potions of curing for 102 gold pieces
 24194 | D:15     | Bought a scroll of butterflies for 68 gold pieces
 24194 | D:15     | Bought a scroll of vulnerability for 68 gold pieces
 24400 | D:15     | Found Utethrek's Book Emporium.
 24526 | Orc:1    | Entered Level 1 of the Orcish Mines
 24563 | Orc:1    | Noticed Maurice
 24575 | Orc:1    | Killed Maurice
 24724 | Orc:1    | Found a runed translucent door.
 24724 | Orc:1    | Found a shimmering altar of Xom.
 24724 | Orc:1    | Noticed ThatDude373's ghost (novice DrVM)
 25021 | Orc:1    | Noticed Erica
 25025 | Orc:1    | Killed Erica
 25242 | Orc:2    | Entered Level 2 of the Orcish Mines
 25242 | Orc:2    | Noticed Donald
 25255 | Orc:1    | Killed Donald
 25327 | Orc:2    | Found a staircase to the Elven Halls.
 25335 | Orc:2    | Reached skill level 1 in Shields
 25447 | Orc:1    | Noticed Sonja
 25463 | Orc:1    | Killed Sonja
 26093 | Orc:2    | Reached skill level 5 in Shields
 26314 | Orc:2    | Found a radiant altar of Vehumet.
 26320 | Orc:2    | Noticed Erolcha
 26322 | Orc:2    | Killed Erolcha
 26336 | Orc:2    | Noticed Nergalle
 26342 | Orc:2    | Killed Nergalle
 26411 | Orc:2    | Found Qururph's Magic Scroll Shoppe.
 26423 | Orc:2    | Bought a scroll of blinking for 97 gold pieces
 26427 | Orc:2    | Bought a scroll of fear for 52 gold pieces
 26429 | Orc:2    | Found an ancient bone altar of Kikubaaqudgha.
 26449 | Orc:2    | Found Kabroal's Antique Armour Emporium.
 26450 | Orc:2    | Found Xihuicez's Book Shoppe.
 26457 | Orc:2    | Found Tewkenes's Antique Weapon Emporium.
 26481 | Orc:2    | Bought shiny steam dragon scales for 1419 gold pieces
 26820 | Orc:2    | Bought Ozocubu's Autobiography for 312 gold pieces
 26827 | Orc:2    | Learned a level 3 spell: Ozocubu's Armour
 27098 | Spider:1 | Entered Level 1 of the Spider Nest
 27114 | Spider:1 | Reached XP level 16. HP: 174/174 MP: 25/25
 27225 | Spider:1 | You fall into a shaft and drop 1 floor!
 31090 | Spider:4 | Entered Level 4 of the Spider Nest
 31320 | Spider:4 | Reached skill level 17 in Unarmed Combat
 31658 | Spider:4 | Reached XP level 17. HP: 182/182 MP: 30/30
 32180 | Spider:4 | Reached skill level 18 in Unarmed Combat
 32596 | Spider:4 | Got a gossamer rune of Zot
 33039 | Orc:2    | Bought a glowing scarf for 264 gold pieces
 33407 | D:13     | Identified the ring "Zotateis" {rElec rPois rC- Str+7
                  | Slay+4}
 33590 | D:13     | Found a gate to the Vaults.
 34153 | Shoals:1 | Entered Level 1 of the Shoals
 34493 | Shoals:1 | Reached skill level 15 in Fighting
 35039 | Shoals:2 | Reached skill level 19 in Unarmed Combat
 35384 | Shoals:2 | Learned a level 5 spell: Blade Hands
 36043 | Shoals:3 | Reached XP level 18. HP: 177/193 MP: 31/31
 36112 | Shoals:3 | Noticed Ilsuiw
 36128 | Shoals:3 | Killed Ilsuiw
 36246 | Shoals:3 | Found Fiumecla's Armour Shoppe.
 36286 | Shoals:3 | Found Ciojan's Book Shoppe.
 36583 | Shoals:3 | Found Rubypn's Magic Scroll Boutique.
 36789 | Shoals:4 | Entered Level 4 of the Shoals
 36924 | Shoals:4 | Reached skill level 20 in Unarmed Combat
 36976 | Shoals:4 | Noticed Polyphemus
 37129 | Shoals:4 | Killed Polyphemus
 37904 | Shoals:4 | Reached skill level 21 in Unarmed Combat
 38087 | Shoals:4 | Got a barnacled rune of Zot
 38449 | Elf:1    | Entered Level 1 of the Elven Halls
 38574 | Elf:1    | Found Ystorph's General Store.
 38669 | Elf:1    | Found Itsetz's Jewellery Emporium.
 38843 | Elf:1    | Found Akhliow's Armour Shoppe.
 38918 | Elf:1    | Found Hicemuc's Vocational Training.
 39025 | Elf:1    | Learned a level 6 spell: Statue Form
 39073 | Elf:1    | Found Maureets's General Store.
 39079 | Elf:1    | Bought a scroll of teleportation for 48 gold pieces
 39132 | Elf:1    | Paralysed by an air elemental for 1 turns
 39142 | Elf:1    | Reached skill level 1 in Earth Magic
 39170 | Elf:1    | Got Yngeis's Vademecum on Darkness
 39830 | Elf:2    | Identified the ring of Vukh {rC- AC+4 Str+6 Int+7}
 39959 | Elf:2    | Reached skill level 5 in Earth Magic
 40068 | Elf:2    | Reached XP level 19. HP: 201/201 MP: 27/32
 40205 | Elf:2    | Found a runed translucent gate.
 40205 | Elf:2    | Found a runed translucent gate.
 40211 | Elf:2    | Found a runed translucent gate.
 41636 | Elf:3    | Entered Level 3 of the Elven Halls
 41839 | Elf:3    | Found Rydecotz's Magic Scroll Shop.
 41889 | Elf:3    | Found Nideineo's Distillery.
 42323 | Elf:3    | Noticed a Tzitzimitl
 42388 | Elf:3    | Identified the ring "Eschouja" {rN+ Str+6 Dex+7}
 42578 | Elf:3    | Identified the +9 falchion of Disaster {spect, Int+8}
 43225 | Elf:3    | Reached skill level 10 in Transmutations
 43256 | Elf:3    | Noticed Bai Suzhen
 43263 | Elf:3    | Killed Bai Suzhen
 43587 | Elf:3    | Identified the +8 trident of Qeddiqist {flame, Str+4
                  | Stlth-}
 43664 | Elf:3    | Acquired a Necronomicon
 44093 | Vaults:1 | Entered Level 1 of the Vaults
 44225 | Vaults:1 | Reached XP level 20. HP: 210/210 MP: 31/33
 44546 | Vaults:1 | Reached skill level 10 in Earth Magic
 45208 | Shoals:3 | Bought a scroll of teleportation for 45 gold pieces
 45208 | Shoals:3 | Bought a scroll of blinking for 112 gold pieces
 45208 | Shoals:3 | Bought a scroll of teleportation for 45 gold pieces
 45208 | Shoals:3 | Bought a scroll of blinking for 112 gold pieces
 45208 | Shoals:3 | Bought a scroll of enchant armour for 112 gold pieces
 45742 | Vaults:1 | Found Ogesaiw's General Store.
 45748 | Vaults:1 | Bought a scroll of blinking for 120 gold pieces
 45748 | Vaults:1 | Bought 2 potions of might for 128 gold pieces
 46719 | Vaults:2 | Reached skill level 10 in Shields
 47394 | Vaults:2 | Reached XP level 21. HP: 218/218 MP: 30/34
 47792 | Vaults:3 | Reached skill level 1 in Armour
 48545 | Vaults:3 | Found a staircase to the Crypt.
 49298 | Crypt:1  | Entered Level 1 of the Crypt
 50590 | Crypt:2  | Reached skill level 10 in Dodging
 50675 | Crypt:2  | Got Firat's Octavo of Shifting Hexes
 50705 | Crypt:2  | Reached XP level 22. HP: 227/227 MP: 29/35
 51017 | Crypt:3  | Entered Level 3 of the Crypt
 51063 | Crypt:3  | Noticed Margery
 51067 | Crypt:3  | Killed Margery
 51375 | Crypt:3  | Found a corrupted altar of Lugonu.
 51375 | Crypt:3  | Found a one-way gate to the infinite horrors of the Abyss.
 51527 | Crypt:3  | Noticed a curse toe
 51532 | Crypt:3  | Killed a curse toe
 51547 | Crypt:3  | Reached skill level 22 in Unarmed Combat
 51820 | Crypt:3  | Found a runed translucent gate.
 51820 | Crypt:3  | Found a runed translucent gate.
 51820 | Crypt:3  | Found a runed translucent gate.
 51829 | Crypt:3  | Noticed Teduw's ghost (veteran MiGl)
 51987 | Crypt:3  | Noticed an ancient lich
 52069 | Crypt:3  | Found a basalt altar of Yredelemnul.
 52089 | Crypt:3  | Noticed Grunn
 52236 | Crypt:3  | Found a staircase to the Tomb.
 52358 | Vaults:4 | Noticed Saint Roka
 52367 | Vaults:4 | Killed Saint Roka
 52474 | Vaults:4 | Found a crumbling gateway.
 52495 | Desolati | Entered the Desolation of Salt
 52596 | Desolati | Identified the ring of Ru, Imbibing {Wiz Contam Will+
                  | Stlth+}
 52601 | Desolati | Identified the ring of Ruppau {rPois rC++ Str+6 Int-3
                  | Dex+3}
 52739 | Desolati | Identified the ring of Laqyxem {rC+ Str+6 Dex+4}
 52752 | Desolati | Reached skill level 23 in Unarmed Combat
 52773 | Desolati | Got the Collected Works on the Summer
 52775 | Desolati | Identified the ring "Riorofao" {Fire Int+6 Slay+3}
 52778 | Desolati | Identified the +8 chain mail of Negligence {Rampage}
 52873 | Desolati | Identified the ring "Hisuplek" {*Slow rF+ rN+ Int+4}
 52878 | Desolati | Identified the ring "Jothrieco" {+Blink rPois rC+ Will+++
                  | Dex-4}
 52882 | Desolati | Identified the +4 halberd "Geojuev" {protect, Contam Fly
                  | Will++ Dex+4}
 52884 | Desolati | Identified the +1 plate armour of the Equator {rN+ Will+
                  | Str-5 Int+4}
 52915 | Desolati | Identified the +6 hand axe of Wizyeg {freeze, rN+ MP+9
                  | Str+6}
 53087 | Vaults:4 | Learned a level 1 spell: Apportation
 53091 | Vaults:4 | Learned a level 3 spell: Lesser Beckoning
 53099 | Vaults:4 | Learned a level 7 spell: Dragon Form
 53186 | Vaults:4 | Reached XP level 23. HP: 235/235 MP: 33/36
 53511 | Vaults:4 | Reached skill level 15 in Transmutations
 54448 | Elf:3    | Bought a potion of heal wounds for 55 gold pieces
 54448 | Elf:3    | Bought a potion of curing for 33 gold pieces
 54639 | Orc:2    | Bought a scroll of teleportation for 39 gold pieces
 54639 | Orc:2    | Bought a scroll of teleportation for 39 gold pieces
 54814 | Elf:1    | Bought a manual of Evocations for 1200 gold pieces
 55151 | Vaults:5 | Entered Level 5 of the Vaults
 55158 | Vaults:5 | Reached skill level 1 in Evocations
 55163 | Vaults:5 | Reached skill level 5 in Evocations
 55226 | Vaults:5 | Noticed an ancient lich
 55236 | Vaults:5 | Killed an ancient lich
 55245 | Vaults:5 | Reached skill level 10 in Evocations
 55709 | Vaults:5 | Reached XP level 24. HP: 216/244 MP: 36/36
 55784 | Vaults:5 | Found the +4 moon troll leather armour {Spirit, Regen++
                  | MP+5}
 55886 | Vaults:5 | Got a silver rune of Zot
 55983 | Vaults:5 | Noticed a dread lich
 55987 | Vaults:5 | Killed a dread lich
 55988 | Vaults:5 | Reached skill level 24 in Unarmed Combat
 56123 | Vaults:5 | Got Jieddaet's Grimoire of Changed Malignant Secrets
 56137 | Vaults:5 | Got the Parchment of Accompaniment and the Traveller
 56141 | Vaults:5 | Learned a level 2 spell: Blink
 56190 | Vaults:5 | Reached skill level 1 in Translocations
 56197 | Vaults:5 | Noticed Jory
 56203 | Vaults:5 | Killed Jory
 56279 | Vaults:5 | Identified the +4 hand axe of Pestilence {chaos, rC+ rN+
                  | Str-4 Int+4 Dex+4}
 56372 | Vaults:5 | Identified the +1 ring mail of Ifiabuar {rPois rC+}
 57022 | Depths:1 | Entered Level 1 of the Depths
 57206 | Depths:1 | Reached skill level 5 in Translocations
 57272 | Depths:1 | Found a gateway to Hell.
 57357 | Depths:1 | Noticed the Enchantress
 57363 | Depths:1 | Killed the Enchantress
 57425 | Depths:1 | Found Gifaes's Jewellery Shoppe.
 57426 | Depths:1 | Found Xiva's Book Boutique.
 57426 | Depths:1 | Found Hyic's Book Boutique.
 57895 | Depths:1 | Found a one-way gate leading to the halls of Pandemonium.
 58029 | Depths:1 | Found a portal to a secret trove of treasure.
 58045 | Depths:1 | Found a transporter.
 58421 | Depths:2 | Reached skill level 1 in Stealth
 58542 | Depths:2 | Reached XP level 25. HP: 252/252 MP: 26/36
 58671 | Depths:2 | Reached skill level 5 in Stealth
 58758 | Depths:2 | Got the Folio of Calling
 59003 | Depths:2 | Identified the +1 whip of Slime {flame, rF+}
 59027 | Depths:2 | Reached skill level 25 in Unarmed Combat
 59320 | Depths:2 | Noticed Asterion
 59329 | Depths:2 | Killed Asterion
 59696 | Depths:3 | Found a one-way gateway to a ziggurat.
 60093 | Depths:3 | Found the +8 arc blade {discharge, rElec}
 60658 | Elf:1    | Bought a manual of Invocations for 1200 gold pieces
 61264 | Depths:4 | Entered Level 4 of the Depths
 61455 | Depths:4 | Reached skill level 15 in Invocations
 61522 | Depths:4 | Found Sarotaud's Weapon Shoppe.
 61622 | Depths:4 | Found a broken altar of Ashenzari.
 61785 | Depths:4 | Found a gate to the Realm of Zot.
 63487 | D:5      | Bought a potion of mutation for 112 gold pieces
 65019 | Slime:1  | Entered Level 1 of the Pits of Slime
 65232 | Slime:3  | Reached skill level 26 in Unarmed Combat
 65252 | Slime:4  | Paralysed by a great orb of eyes for 3 turns
 65266 | Slime:5  | Entered Level 5 of the Pits of Slime
 65444 | Slime:5  | Found a viscous altar of Jiyva.
 65444 | Slime:5  | Noticed the Royal Jelly
 65450 | Slime:5  | Killed the Royal Jelly
 65451 | Slime:5  | Reached XP level 26. HP: 261/261 MP: 29/36
 65715 | Slime:5  | Found the +7 captain's cutlass {speed, disarm}
 65737 | Slime:5  | Identified the amulet of Vovet {rF+ rC+ rN+ Regen+}
 65749 | Slime:5  | Got the Directory of Unholy Invitation
 65775 | Slime:5  | Identified the +0 cloak of the Cicada {rN+}
 65790 | Slime:5  | Got a slimy rune of Zot
 65804 | Slime:5  | Identified the +7 broad axe of Action {vorpal, *Rage
                  | *Corrode rF+++ Will++}
 66211 | Depths:3 | Voluntarily entered the Abyss.
 66250 | Abyss:2  | Found a corrupted altar of Lugonu.
 66525 | Abyss:4  | Found a corrupted altar of Lugonu.
 66613 | Abyss:5  | Gained mutation: You have sharp toenails. [a neqoxec]
 66630 | Abyss:5  | Found a corrupted altar of Lugonu.
 66632 | Abyss:5  | Got an abyssal rune of Zot
 66705 | Abyss:5  | Noticed a dread lich
 66730 | Abyss:5  | Gained mutation: You are weak. (Str -2) [a cacodemon]
 66742 | Depths:3 | Escaped the Abyss
 66745 | Depths:3 | Reached skill level 27 in Unarmed Combat
 66783 | Zot:1    | Entered Level 1 of the Realm of Zot
 66868 | Zot:1    | Noticed a shard shrike
 66868 | Zot:1    | Noticed a shard shrike
 66897 | Zot:1    | Noticed Midpoint's ghost (veteran PaGl)
 66930 | Zot:1    | Found a transporter.
 66943 | Zot:1    | Noticed a shard shrike
 67151 | Zot:1    | Identified the +0 pair of boots "Suffoiss" {rF+ Int+3}
 67229 | Zot:1    | Found a transporter.
 68530 | Zot:2    | Acquired the +0 cloak "Lifeus" {rElec rN+++ rCorr Int-5}
 68625 | Zot:2    | Reached XP level 27. HP: 282/282 MP: 36/36
 69508 | Zot:3    | You fall into a shaft and drop 1 floor!
 70665 | Zot:3    | Noticed an orb of fire
 70670 | Zot:3    | Noticed an orb of fire
 70673 | Zot:3    | Killed an orb of fire
 70674 | Zot:3    | Gained mutation: Potions are less effective at restoring
                  | your health. [an orb of fire]
 70676 | Zot:3    | Killed an orb of fire
 70693 | Zot:3    | Lost mutation: You have sharp toenails. [potion of
                  | mutation]
 70693 | Zot:3    | Lost mutation: You are weak. (Str -2) [potion of mutation]
 70693 | Zot:3    | Gained mutation: Your muscles are strong. (Str +4, Int/Dex
                  | -1) [potion of mutation]
 70693 | Zot:3    | Gained mutation: Your natural rate of healing is unusually
                  | fast. [potion of mutation]
 70694 | Zot:3    | Lost mutation: Your muscles are strong. (Str +4, Int/Dex
                  | -1) [potion of mutation]
 70694 | Zot:3    | Lost mutation: Your natural rate of healing is unusually
                  | fast. [potion of mutation]
 70694 | Zot:3    | Lost mutation: Potions are less effective at restoring your
                  | health. [potion of mutation]
 70694 | Zot:3    | Gained mutation: You are resistant to electric shocks.
                  | (rElec) [potion of mutation]
 70694 | Zot:3    | Gained mutation: Your spells are a little harder to cast,
                  | but a little more powerful. [potion of mutation]
 71983 | Zot:5    | Entered Level 5 of the Realm of Zot
 72613 | Zot:5    | Noticed an ancient lich
 72630 | Zot:5    | Killed an ancient lich
 72650 | Zot:5    | Noticed a dread lich
 72657 | Zot:5    | Noticed a dread lich
 72662 | Zot:5    | Killed a dread lich
 72668 | Zot:5    | Killed a dread lich
 72719 | Zot:5    | Noticed an orb of fire
 72719 | Zot:5    | Noticed an orb of fire
 72724 | Zot:5    | Killed an orb of fire
 72728 | Zot:5    | Gained mutation: You are clumsy. (Dex -2) [an orb of fire]
 72730 | Zot:5    | Killed an orb of fire
 73063 | Zot:5    | Noticed an orb of fire
 73068 | Zot:5    | Killed an orb of fire
 73535 | Zot:5    | Got the Orb of Zot
 73700 | Depths:1 | Noticed Xouskeoj the pandemonium lord
 73704 | Depths:1 | Killed Xouskeoj the pandemonium lord
 73733 | D:15     | Noticed Otefuato the pandemonium lord
 73739 | D:15     | Killed Otefuato the pandemonium lord
 73950 | D:6      | Noticed Loawn the pandemonium lord
 73951 | D:6      | Gained mutation: You do not regenerate when monsters are
                  | visible. [a cacodemon]
 73954 | D:6      | Killed Loawn the pandemonium lord
 74059 | D:$      | Escaped with the Orb!

Illustrated notes

Levels and vault maps discovered:
D:1:      saegor_arrival_simple_a, layout_rooms, serial_shops, shop_statue,
          ebering_ecumenical_altar_sacrificial
D:2:      layout_basic, basic_altar
D:3:      layout_rooms
D:4:      layout_basic, uniq_natasha, uniq_edmund, uniq_pikel
D:5:      layout_cave_pools, nicolae_overflow_crystal_walls,
          mainiacjoe_overflow_chevrons, serial_shops,
          nicolae_shop_advertising_works [nicolae_subvault_shop_adworks],
          nicolae_inconvenience_store, shop, nicolae_shop_waterfront,
          chequers_serial_rivers_micro_a, st_stairs_3, minmay_hedge_maze
D:6:      layout_basic, mainiacjoe_overflow_six_doors_small,
          nemelex_dance_club_becter, elyvilon_altar_3, tso_metal_star,
          uniq_grinder
D:7:      layout_basic, minmay_temple_entry_grid, mrwooster_statue_mirror,
          amcnicky_mini_rare_corridor_liquid, dk_vineyard_2
D:8:      layout_basic, kennysheep_generic_room_13
D:9:      layout_loops_ring, zin_academy
D:10:     layout_basic, lemuel_round_altar, david_lair_generic, orc_0_dummy,
          muffindrake_ghost_dual_entry
D:11:     layout_basic
D:12:     layout_loops_ring, lemuel_zombie_altar_yredelemnul
D:13:     gammafunk_indiana_jones, layout_irregular_city, david_vaults_4,
          nzn_hepliaklqana_mist_gate, uniq_snorg
D:14:     layout_loops_ring, portal_ice_cave_entry_ice_simulacra,
          nicolae_water_bricks, nrook_campfire, uniq_agnes
D:15:     grunt_enter_depths_giant_problem, layout_irregular_city, minivault_14,
          serial_shops, shop, shop
Temple:   nicolae_temple_ecumenical_triangle
Lair:1:   layout_cave_pods, gammafunk_ghost_cemetery,
          nicolae_quartered_pool_super, beast_lair_carwin_3
Lair:2:   layout_cave_pods, nicolae_spider_entry_orb_guardian, basic_altar,
          serial_bayou_pond_a
Lair:3:   layout_small_grid, minmay_shoals_entry_hut
Lair:4:   layout_regular_city, minmay_lair_oklob_items, grunt_megastairs_5
Lair:5:   gammafunk_lair_ancient_temple, layout_regular_city,
          minmay_slime_entry_eyes, st_stairs_3, grunt_forest_small_clearings,
          amcnicky_mini_pool_medium
Shoals:1: layout_shoals
Shoals:2: cheibrodos_shoals_satyrical_garden, layout_shoals
Shoals:3: layout_shoals, serial_shops, nicolae_square_shop, shop, shop,
          nicolae_shoals_seven_spires, uniq_ilsuiw
Shoals:4: shoals_end_hellmonk_lost_city, uniq_polyphemus
Spider:1: layout_cave_pods
Spider:2: layout_spider_delve
Spider:3: layout_spider_delve
Spider:4: spider_rune_water, hive_lemuel
Slime:1:  cheibrodos_slime_lost_civilization_2, layout_caves
Slime:2:  layout_caves
Slime:3:  layout_caves
Slime:4:  cheibrodos_slime_lost_civilization_8, layout_caves,
          cheibrodos_slime_lost_civilization_6
Slime:5
Orc:1:    layout_diamond_mine, ebering_ghost_xom, uniq_sonja, uniq_maurice,
          uniq_erica
Orc:2:    kennysheep_orc_mage_school, layout_diamond_mine, elves_outpost_lemuel,
          uniq_donald
Elf:1:    eino_elf_arrival_customs, layout_loops_ring, serial_shops, shop,
          nicolae_shop_statue_plus, shop, shop, minmay_elf_necromancy,
          nicolae_shop_vocational
Elf:2:    nicolae_elf_blades_splatter_lattice [mumra_blade_entry_dagger],
          layout_geoelf_diagonals, minmay_misc_feat_pillars, drop_trap
Elf:3:    grunt_elf_hall_spiral, layout_geoelf_grid, serial_shops, shop,
          nicolae_diamond_shop, uniq_bai_suzhen, uniq_mara
Vaults:1: nicolae_vaults_little_squares_3, grunt_vaults_trifunnel,
          ontoclasm_vaults_loading_screen, hangedman_vaults_stream, v_misc_22,
          vaults_mumra_hexcomb, ontoclasm_vaults_decontamination,
          grunt_vaults_twisty, v_misc_30, layout_vaults_maze_snakey,
          serial_shops, shop
Vaults:2: nicolae_vaults_network_periphery, vaults_standard_mumra_lines,
          nicolae_vaults_little_ls, nicolae_vaults_ring_of_whatevers,
          layout_vaults_omnigrid
Vaults:3: nicolae_vaults_quadrants, minmay_crypt_entry_simple_round,
          hangedman_vaults_nails, v_misc_4, nicolae_vaults_angled_halls,
          v_misc_4, v_pattern_5, v_misc_30, nicolae_vaults_shelves_hall,
          ontoclasm_vaults_loading_screen, hangedman_vaults_restitches,
          nicolae_vaults_rhombus_6, nicolae_vaults_asterisk, vaults_room_pool,
          layout_vaults_ring
Vaults:4: portal_desolation_entry_nicolae_slug, vaults_room_octagon,
          vaults_standard_mumra_enter_the_diamond,
          nicolae_vaults_stairing_the_circle, dpeg_vaults_monster_box,
          nicolae_vaults_bisected_slash, nicolae_vaults_network_s, v_misc_14,
          vaults_room_pools, layout_vaults_big_room, uniq_saint_roka
Vaults:5: serial_shops, uniq_jory
Crypt:1:  layout_basic
Crypt:2:  layout_chaotic_city
Crypt:3:  david_glass_crypt, layout_misc_corridors,
          nicolae_tomb_entry_rubble_hallway, gammafunk_ghost_spectres,
          basic_altar, amcnicky_altar_lugonu_corruption, uniq_grunn,
          uniq_margery
Depths:1: layout_basic, grunt_pan_entry_zigzag, enter_trove_6, hell_entry,
          nicolae_diode_basic, minmay_shop_grove, uniq_enchantress
Depths:2: kennysheep_large_spiral, layout_cave_pools, rand_demon_pan_entry_8,
          hell_entry, minmay_misc_feat_iff, dpeg_stationary_puzzle,
          uniq_asterion
Depths:3: hourglass_vault, layout_cave_pools, enter_ziggurat_f, hell_entry,
          serial_sigils_hangedman_confine, abyss_entry
Depths:4: grunt_zot_entry_alcove, layout_gridlike, cheibrodos_ashenzari_chains,
          serial_shops, shop, serial_corexii_hall, corexii_hall_statues_x,
          corexii_hall_statues_i, hell_entry
Zot:1:    layout_gridlike, gammafunk_ghost_berserking_beasts
Zot:2:    layout_cathedral_of_symmetry
Zot:3:    lemuel_firehouse, layout_cathedral_of_symmetry
Zot:4:    layout_cathedral_of_symmetry, grunt_ministairs_10,
          hangedman_zot_decor_unnerving_road
Zot:5:    layout_gridlike

Skill      XL: |  1  2  3  4  5  6  7  8  9 10 11 12 13 14 15 16 17 18 19 20 21 22 23 24 25 26 27 |
---------------+----------------------------------------------------------------------------------+-----
Transmutations | 2 3 4 5 6 8 11 12 13 15 16 19 | 19.0
Poison Magic   | 1 4 |  4.1
Fighting       | 3 4 6 7 9 11 12 14 15 17 25 | 25.5
Spellcasting   | 6 9 |  9.3
Unarmed Combat | 3 7 10 12 14 16 17 19 21 23 24 26 27 | 27.0
Dodging        | 3 5 7 10 11 | 11.4
Ice Magic      | 4 |  4.1
Invocations    | 4 5 9 11 12 13 17 | 17.5
Hexes          | 2 |  2.2
Shields        | 7 12 13 | 13.0
Earth Magic    | 5 9 10 11 | 11.4
Armour         | 3 |  3.5
Evocations     | 11 | 11.1
Translocations | 6 |  6.4
Stealth        | 4 6 |  6.3

Action                   |  1- 3 |  4- 6 |  7- 9 | 10-12 | 13-15 | 16-18 | 19-21 | 22-24 | 25-27 || total
-------------------------+-------+-------+-------+-------+-------+-------+-------+-------+-------++-------
Melee: Unarmed           |    52 |    48 |   211 |   425 |   656 |  1068 |   776 |   828 |  1102 ||  5166
       Kick              |    20 |     4 |       |       |       |     4 |       |       |   125 ||   153
       Headbutt          |     8 |     4 |       |       |       |     1 |       |       |       ||    13
       Short sword       |    73 |    57 |    68 |    22 |     2 |       |       |       |       ||   222
       Punch             |     2 |     1 |     1 |     1 |     5 |    17 |    52 |       |    34 ||   113
       Dire flail        |       |    15 |       |       |       |       |       |       |       ||    15
       Tailslap          |       |       |       |       |       |       |       |     2 |    27 ||    29
       Bite              |       |       |       |       |       |       |       |     2 |    15 ||    17
Throw: Stone             |     5 |       |     3 |       |       |       |       |       |       ||     8
       Large rock        |       |     1 |     7 |    14 |     4 |     9 |       |     2 |    31 ||    68
 Cast: Beastly Appendage |    26 |     9 |       |       |       |     1 |       |       |       ||    36
       Spider Form       |       |     8 |    25 |    10 |       |       |       |       |       ||    43
       Wereblood         |       |     1 |       |       |       |     1 |    19 |    31 |    30 ||    82
       Ice Form          |       |       |     1 |    49 |    82 |    64 |       |       |       ||   196
       Ozocubu's Armour  |       |       |       |       |     3 |    27 |     1 |       |       ||    31
       Blade Hands       |       |       |       |       |       |    27 |    31 |       |       ||    58
       Statue Form       |       |       |       |       |       |       |    58 |    62 |    84 ||   204
       Dragon Form       |       |       |       |       |       |       |       |     3 |    15 ||    18
       Blink             |       |       |       |       |       |       |       |     3 |    12 ||    15
       Apportation       |       |       |       |       |       |       |       |       |     1 ||     1
Invok: Temporal Distorti |       |       |       |       |    12 |     8 |     8 |     7 |    12 ||    47
       Slouch            |       |       |       |       |     7 |     8 |     8 |     8 |     8 ||    39
       Bend Time         |       |       |       |       |     1 |     3 |       |       |       ||     4
       Step From Time    |       |       |       |       |       |       |     2 |     3 |     3 ||     8
 Abil: End Transformatio |       |       |     3 |     3 |    22 |    17 |     2 |     3 |    14 ||    64
       Breathe Fire      |       |       |       |       |       |       |       |     1 |     1 ||     2
Evoke: Wand              |       |       |     1 |     5 |    16 |    36 |     2 |     3 |     2 ||    65
       Condenser vane    |       |       |       |     1 |       |     2 |     1 |     4 |     2 ||    10
  Use: Scroll            |     6 |     6 |    12 |     8 |     4 |     1 |     5 |     7 |    11 ||    60
       Potion            |       |     2 |     7 |       |       |       |     3 |       |     7 ||    19
 Stab: Sleeping          |       |       |     1 |     2 |     2 |     1 |     5 |     5 |    12 ||    28
       Distracted        |       |       |       |       |       |     2 |     2 |     2 |     5 ||    11
       Confused          |       |       |       |       |       |     2 |     5 |       |       ||     7
       Petrified         |       |       |       |       |       |       |       |       |     1 ||     1
       Invisible         |       |       |       |       |       |       |       |       |     8 ||     8
Armor: Robe              |    52 |    17 |     8 |     6 |     6 |       |     6 |       |       ||    95
       Skin              |       |     2 |    18 |    66 |   128 |   176 |   378 |   206 |   283 ||  1257
       Troll leather arm |       |       |       |       |       |    73 |    13 |     8 |    22 ||   116
Dodge: Dodged            |    79 |    68 |   177 |   245 |   462 |   809 |   806 |   654 |   933 ||  4233
Block: Other             |       |     4 |    64 |    60 |   130 |    81 |       |       |       ||   339
       Reflection        |       |       |       |     1 |    13 |     2 |       |       |       ||    16
       Kite shield       |       |       |       |       |       |   213 |   510 |   641 |   763 ||  2127
